AoeStats
← rookie

Arabia

509418191Analyzed
1v1 RM · 6d ago on Sep 26, 2026· 33m 45s· 2 players
Game mode
Random Map
Map size
Tiny (2 player)
Population
200
Speed
Normal
Resources
Standard
Victory
Conquest
Starting age
Dark Age
Ending age
Imperial Age
RankedLock teamsTeams togetherTeam positionsShared explorationLock speedFull tech treeHidden civsTurbo modeCheats
Victory
Defeat
🇨🇳 Persians · China
996
+17
🇨🇴 Vikings · Colombia
1021
-17
rookie
4:47 Loom
18:17 Feudal Age
25:41 Castle Age
23:43 Horse Collar
24:46 Double-Bit Axe
25:13 Scale Barding Armor
25:43 Bloodlines
27:10 Husbandry
27:19 Gold Mining
27:43 Heavy Plow
31:42 Town Watch
RAOV
20:59 Feudal Age
19:15 Loom
Connection lost

Rejoining the realm…

Still unreachable

The connection could not be restored.

Session expired

The server has moved on; the page needs a fresh start.